AoeStats
← JefferyCZ

Glade

512965415Analyzed
1v1 RM · 7d ago on Oct 11, 2026· 40m 16s· 2 players
Game mode
Random Map
Map size
Tiny (2 player)
Population
200
Speed
Normal
Resources
Standard
Victory
Conquest
Starting age
Dark Age
Ending age
Imperial Age
RankedLock teamsTeams togetherTeam positionsShared explorationLock speedFull tech treeHidden civsTurbo modeCheats
Victory
Defeat
🇮🇳 Wu · India
1611
+17
vs
🇨🇿 Italians · Czechia
1642
-17
Chaos
6:27 Loom
8:24 Feudal Age
9:08 Man-at-Arms
13:29 Double-Bit Axe
15:41 Fletching
16:12 Padded Archer Armor
17:12 Arson
20:05 Wheelbarrow
23:38 Castle Age
22:24 Scale Mail Armor
22:34 Forging
23:41 Pikeman
24:21 Squires
24:56 Chain Mail Armor
25:03 Horse Collar
25:37 Bow Saw
28:27 Hand Cart
28:45 Town Watch
32:47 Gold Mining
32:48 Stone Mining
35:28 Imperial Age
34:07 Iron Casting
34:12 Bodkin Arrow
34:40 Ballistics
36:20 Bracer
37:34 Chemistry
38:25 Red Cliffs Tactics
JefferyCZ
6:20 Loom
8:27 Feudal Age
8:33 Man-at-Arms
13:28 Fletching
16:31 Wheelbarrow
20:59 Castle Age
20:26 Scale Barding Armor
20:33 Forging
20:15 Gold Mining
21:10 Bloodlines
22:04 Chain Barding Armor
24:12 Horse Collar
34:10 Imperial Age
32:14 Hand Cart
32:11 Padded Archer Armor
32:23 Bodkin Arrow
32:23 Double-Bit Axe
32:41 Heavy Plow
32:37 Stone Mining
33:50 Leather Archer Armor
33:51 Bow Saw
35:51 Chemistry
35:51 Hand Cart
Connection lost

Rejoining the realm…

Still unreachable

The connection could not be restored.

Session expired

The server has moved on; the page needs a fresh start.